 Dungeon Crawl Stone Soup version 0.25-a0-571-gb5e01bddfa (webtiles) character file.

Game seed: 15047226252733048423, levelgen mode: deterministic

63 kae the Sneak (level 3, -4/24 HPs)
             Began as a Vampire Enchanter on Feb 29, 2020.
             Slain by a gnoll
             ... wielding a +0 spear
              (12 damage)
             ... on level 2 of the Dungeon.
             The game lasted 00:01:19 (1147 turns).

kae the Sneak (Vampire Enchanter)                   Turns: 1147, Time: 00:01:20

Health: -4/24      AC:  6    Str:  7    XL:     3   Next: 89%
Magic:  2/6        EV: 12    Int: 18    God:
Gold:   98         SH:  0    Dex: 14    Spells: 0/6 levels left

rFire    . . .     SeeInvis +   i - +1 short sword (freeze)
rCold    . . .     Gourm    .   (no shield)
rNeg     . . .     Faith    .   b - +0 robe
rPois    .         Spirit   .   (no helmet)
rElec    .         Reflect  .   m - +2 cloak
rCorr    .         Harm     .   n - +0 pair of gloves
MR       .....                  (no boots)
Stlth    +++.......             (no amulet)
HPRegen  0.28/turn              (no ring)
MPRegen  0.10/turn              (no ring)

@: regenerating quickly
A: no food, fangs 3, see invisible, unbreathing
a: Exsanguinate


You were on level 2 of the Dungeon.
You were alive.

You visited 1 branch of the dungeon, and saw 2 of its levels.

You collected 98 gold pieces.

Inventory:

Hand Weapons
 a - a +1 dagger
 i - a +1 short sword of freezing (weapon)
Armour
 b - a +0 robe (worn)
 m - a +2 cloak (worn)
 n - a +0 pair of gloves (worn)
Scrolls
 d - 2 scrolls of teleportation {unknown}
 e - 3 scrolls of amnesia {unknown}
 f - a scroll of magic mapping {unknown}
 g - 4 scrolls of identify {unknown}
 j - a scroll of enchant weapon {unknown}
 o - 2 scrolls of remove curse {unknown}
Potions
 c - a potion of degeneration {unknown}
 h - a potion of flight {unknown}
 k - a potion of resistance {unknown}
 l - a potion of magic {unknown}


   Skills:
 * Level 2.7 Short Blades
 - Level 2.1 Dodging
 + Level 5.1 Stealth
 + Level 2.4 Spellcasting
 + Level 5.0 Hexes


You couldn't memorise any spells.
You knew the following spells:

 Your Spells              Type           Power        Failure   Level  Hunger
a - Corona                Hex            ###....      2%          1    N/A
b - Ensorcelled Hibernat  Hex/Ice        ##....       10%         2    N/A
c - Confusing Touch       Hex            ###.....     6%          3    N/A

Your spell library contained the following spells:

 Spells                   Type           Power        Failure   Level  Hunger
 Tukima's Dance           Hex            ###.....     6%          3    N/A
 Dazzling Flash           Conj/Hex       ##....       19%         3    N/A

Dungeon Overview and Level Annotations

Branches:
Dungeon (2/15)

Altars:


Innate Abilities, Weirdness & Mutations

You do not eat.
Your natural rate of healing is unusually fast.
You have razor-sharp teeth.
You have supernaturally acute eyesight. (SInv)
You can survive without breathing.


Message History

A frilled lizard comes into view.
The frilled lizard hisses angrily.
Found 8 gold pieces.
You hit the frilled lizard. You freeze the frilled lizard.
You kill the frilled lizard!
The gnoll hits you with a +0 spear.
Casting: Ensorcelled Hibernation (safe; 10% risk of failure)
Confirm with . or Enter, or press ? or * to list all spells.
Aiming: Ensorcelled Hibernation (safe; 10% risk of failure)
Press: ? - help, Shift-Dir - straight line, f - gnoll
Aim: a gnoll, wielding a +0 spear (chance to defeat MR: 50%)
The gnoll resists with some effort.
The gnoll hits you with a +0 spear!
Casting: Ensorcelled Hibernation (safe; 10% risk of failure)
Confirm with . or Enter, or press ? or * to list all spells.
Aiming: Ensorcelled Hibernation (safe; 10% risk of failure)
Press: ? - help, Shift-Dir - straight line, f/p - gnoll
Aim: a gnoll, wielding a +0 spear (chance to defeat MR: 50%)
The gnoll resists with some effort.
The gnoll hits you with a +0 spear!
Ouch! That really hurt!
You die...

#####.....#.#........
#.......#........#
##.#..#.#........#
#.#.............#
#.##............# #
#.##............#..
######.##..#..##..#...$
#.......g..#........###
#......@........#<.g..#
#..........##.#.##....##
#.....†............#....
#............##........#
#.....^.......####..[...
#........#.#....(.###..#
#........#.####.........
#........#.# ###.......
#$.......# #.......


You could see a gnoll.

Vanquished Creatures
  2 gnolls
  An adder (D:2)
  2 dart slugs
  A giant cockroach (D:1)
  8 goblins
  4 hobgoblins
  4 bats (D:1)
  5 frilled lizards
  A kobold (D:1)
  5 rats
33 creatures vanquished.

Notes
Turn   | Place    | Note
-------+----------+-------------------------------------------
     0 | D:1      | kae the Vampire Enchanter began the quest for the Orb.
     0 | D:1      | Reached XP level 1. HP: 13/13 MP: 3/3
   254 | D:1      | Reached XP level 2. HP: 19/19 MP: 5/5
   835 | D:2      | Reached XP level 3. HP: 8/24 MP: 4/6
   900 | D:2      | Learned a level 2 spell: Ensorcelled Hibernation
   904 | D:2      | Learned a level 3 spell: Confusing Touch
   978 | D:2      | Reached skill level 5 in Stealth
  1003 | D:1      | Reached skill level 5 in Hexes
  1147 | D:2      | Slain by a gnoll

Levels and vault maps discovered:
D:1:      onia_arrival_mini_spirals, layout_basic, minmay_split_cup_small
D:2:      layout_rooms, minmay_box_of_dots

Skill      XL: |  1  2  3 |
---------------+----------+-----
Short Blades   | 2 |  2.7
Stealth        | 5 |  5.1
Hexes          | 5 |  5.0
Dodging        | |  2.1
Spellcasting   | |  2.4

Action                   || total
-------------------------++-------
Melee: Dagger            ||    19
       Short sword       ||    49
       Bite              ||     3
 Cast: Corona            ||     3
       Ensorcelled Hiber ||     7
 Stab: Sleeping          ||    15
Armor: Robe              ||    23
Dodge: Dodged            ||    43

Table legend:
 A = Non-vault XP
 B = Vault XP
 C = Vault XP percentage of total XP
 D = Non-vault monster count
 E = Vault monster count
 F = Vault count percentage of total count
                 A         B        C        D         E       F
            +---------+---------+-------+---------+---------+-------
      Total |      84 |       7 |   7.7 |      27 |       6 |  18.2
            +---------+---------+-------+---------+---------+-------
        D:1 |      42 |       4 |   8.7 |      18 |       3 |  14.3
        D:2 |      42 |       3 |   6.7 |       9 |       3 |  25.0
            +---------+---------+-------+---------+---------+-------
